AoeStats
← WingZ

Arabia

504482756Analyzed
1v1 RM · 25d ago on Sep 5, 2026· 48m 18s· 2 players
Game mode
Random Map
Map size
Tiny (2 player)
Population
200
Speed
Normal
Resources
Standard
Victory
Conquest
Starting age
Dark Age
Ending age
Imperial Age
RankedLock teamsTeams togetherTeam positionsShared explorationLock speedFull tech treeHidden civsTurbo modeCheats
Victory
Defeat
🇲🇹 Armenians · Malta
1128
+15
🇩🇪 Saracens · Germany
1098
-15
WingZ
5:46 Loom
9:24 Feudal Age
9:57 Double-Bit Axe
9:56 Horse Collar
21:18 Castle Age
20:15 Fletching
21:26 Padded Archer Armor
22:26 Bodkin Arrow
23:34 Heavy Plow
23:40 Crossbowman
26:01 Thumb Ring
30:47 Ballistics
32:57 Leather Archer Armor
37:27 Imperial Age
37:04 Bow Saw
38:28 Bracer
39:42 Chemistry
38:57 Arbalester
45:36 Light Cavalry
46:27 Bloodlines
46:23 Scale Barding Armor
Koopa
6:12 Loom
9:18 Feudal Age
9:21 Man-at-Arms
11:17 Arson
11:31 Long Swordsman
12:48 Pikeman
16:29 Double-Bit Axe
19:31 Wheelbarrow
23:32 Castle Age
22:18 Scale Mail Armor
22:29 Forging
22:15 Horse Collar
26:24 Padded Archer Armor
26:15 Fletching
28:36 Hand Cart
28:48 Town Watch
30:03 Bow Saw
29:44 Gold Mining
30:37 Heavy Plow
32:10 Elite Skirmisher
34:02 Leather Archer Armor
33:42 Bodkin Arrow
35:17 Squires
36:30 Stone Mining
37:15 Gold Shaft Mining
41:05 Imperial Age
38:04 Two-Handed Swordsman
38:29 Gambesons
39:01 Chain Mail Armor
40:26 Champion
40:43 Crossbowman
41:09 Onager
42:32 Conscription
42:44 Bracer
43:15 Ring Archer Armor
43:21 Iron Casting
47:45 Blast Furnace
Connection lost

Rejoining the realm…

Still unreachable

The connection could not be restored.

Session expired

The server has moved on; the page needs a fresh start.